 Dungeon Crawl Stone Soup version 0.18.1-8-gdd0e5ea (webtiles) character file.

214 Shtopit the Sneak (level 5, -6/24 HPs)
             Began as a Spriggan Conjurer on May 28, 2016.
             Was an Initiate of Ashenzari.
             Killed from afar by an orc wizard (7 damage)
             ... with a puff of frost
             ... on level 3 of the Dungeon.
             The game lasted 00:07:35 (2174 turns).

Shtopit the Sneak (Spriggan Conjurer)               Turns: 2174, Time: 00:07:35

Health: -6/24      AC:  2    Str:  4    XL:     5   Next: 59%
Magic:  3/11       EV: 19    Int: 18    God:    Ashenzari [......]
Gold:   164        SH:  0    Dex: 16    Spells: 2 memorised, 8 levels left

rFire  . . .     SeeInvis +     v - +1 dagger (venom) (curse)
rCold  . . .     Gourm    .     a - +0 robe
rNeg   . . .     Faith    .     (shield restricted)
rPois  .         Spirit   .     (helmet restricted)
rElec  .         Dismiss  .     (no cloak)
rCorr  .         Reflect  .     (gloves unavailable)
SustAt .         Harm     .     (boots unavailable)
MR     .....                    (no amulet)
Stlth  +++.......               (no ring)
                                (no ring)

@: very quick, not resistant to hostile enchantments, fairly stealthy
A: unfitting armour, see invisible, herbivore 3, speed 3, slow metabolism 2
a: Curse Item, Renounce Religion


You were on level 3 of the Dungeon.
You worshipped Ashenzari.
Ashenzari was noncommittal.
You were not hungry.

You visited 1 branch of the dungeon, and saw 3 of its levels.

You collected 164 gold pieces.

Inventory:

Hand Weapons
 e - a +0 short sword
 v - a cursed +1 dagger of venom (weapon)
Armour
 a - a +0 robe (worn)
Scrolls
 g - a scroll of enchant armour {unknown}
 i - 3 scrolls of identify {unknown}
 k - a scroll of fear {unknown}
 m - 2 scrolls of recharging {unknown}
 n - a scroll of amnesia {unknown}
 p - a scroll of blinking {unknown}
 t - a scroll of remove curse
Potions
 d - 3 potions of lignification {unknown}
 f - a potion of heal wounds {unknown}
 h - 2 potions of agility {unknown}
 j - a potion of haste {unknown}
 l - a potion of magic {unknown}
 o - a potion of cancellation {unknown}
 q - a potion of cure mutation {unknown}
 r - a potion of flight {unknown}
 s - a potion of curing {unknown}
 u - a potion of brilliance {unknown}
Books
 b - a book of Conjurations

   Spells                             Type                      Level
   a - Magic Dart                     Conjuration                  1
   b - Searing Ray                    Conjuration                  2
   c - Dazzling Spray                 Conjuration/Hexes            3
   d - Fulminant Prism                Conjuration/Hexes            4
   e - Iskenderun's Mystic Blast      Conjuration                  4
   f - Iskenderun's Battlesphere      Conjuration/Charms           5
Comestibles
 c - 2 bread rations


   Skills:
 + Level 0.1 Fighting
 + Level 0.2 Short Blades
 + Level 4.2 Dodging
 + Level 5.3 Stealth
 + Level 3.7 Spellcasting
 + Level 4.0 Conjurations


You had 8 spell levels left.
You knew the following spells:

 Your Spells              Type           Power        Failure   Level  Hunger
a - Magic Dart            Conj           ###.         2%          1    None
b - Searing Ray           Conj           ###...       4%          2    ##.....


Dungeon Overview and Level Annotations

Branches:
Dungeon (3/15)

Altars:
Ashenzari
Elyvilon
Zin
The Shining One


Innate Abilities, Weirdness & Mutations

You are tiny and cannot use many weapons and most armour.
You have supernaturally acute eyesight.
You are a herbivore.
You cover ground extremely quickly.
You need consume almost no food.


Message History

The magic dart hits the orc wizard.
The orc wizard is moderately wounded.
The orc wizard points at you and mumbles some strange words.
The magic dart hits you!
Casting: Magic Dart
Confirm with . or Enter, or press ? or * to list all spells.
Aiming: Magic Dart
Press: ? - help, Shift-Dir - straight line, f/p - orc wizard
Aim: an orc wizard, wielding a dagger of speed and wearing a robe (moderately wounded, fast)
The magic dart hits the orc wizard.
The orc wizard is heavily wounded.
The orc wizard points at you and mumbles some strange words.
The magic dart hits you!
* * * LOW HITPOINT WARNING * * *
The orc wizard gestures at you while chanting.
The magic dart hits you!
* * * LOW HITPOINT WARNING * * *
The orc wizard casts a spell at you. The puff of frost hits you!
You die...

#.......# #.......# .#
#.......####.#
############............#
#.................#.#.#.#+
#..........[..........#...
#.........†.......†...#...
#################.............
#......)..o..@................
#o###############.........#.#.
#.# #.........#.#. ####†####
#.........#.#. ...†....###
########.........#.#.
....o............................
..†..(..#.##########.........#.#.
...o....# # ######....#.#.
...)....# ######.#.


You could see an orc wizard.

Vanquished Creatures
  Sigmund (D:3)
  2 adders
  2 worms
  A giant gecko (D:1)
  2 orcs (D:3)
  7 bats
  2 giant cockroaches
  3 goblins
  3 hobgoblins
  4 jackals (D:3)
  7 kobolds
  5 rats
39 creatures vanquished.

Notes
Turn   | Place    | Note
--------------------------------------------------------------
     0 | D:1      | Shtopit the Spriggan Conjurer began the quest for the Orb.
     0 | D:1      | Reached XP level 1. HP: 9/9 MP: 5/5
   402 | D:1      | Reached XP level 2. HP: 13/13 MP: 3/6
   456 | D:1      | Learned a level 2 spell: Searing Ray
   861 | D:1      | You fall through a shaft!
  1174 | D:2      | Reached XP level 3. HP: 16/16 MP: 1/8
  1270 | D:2      | Found a glowing golden altar of the Shining One.
  1270 | D:2      | Found a white marble altar of Elyvilon.
  1270 | D:2      | Found a glowing silver altar of Zin.
  1518 | D:2      | Found a shattered altar of Ashenzari.
  1523 | D:2      | Became a worshipper of Ashenzari the Shackled
  1814 | D:3      | Noticed Sigmund
  1831 | D:3      | Killed Sigmund
  1831 | D:3      | Reached skill level 5 in Stealth
  1831 | D:3      | Reached XP level 4. HP: 10/21 MP: 7/10
  1831 | D:3      | Reached XP level 5. HP: 12/24 MP: 7/11
  2172 | D:3      | HP: 1/24 [orc wizard/magic dart (6)]
  2174 | D:3      | Killed from afar by an orc wizard

Skill      XL: |  1  2  3 |
---------------+----------+-----
Conjurations   | 3 4 |  4.0
Dodging        | 4 |  4.2
Stealth        | 5 |  5.3
Spellcasting   | 3 |  3.7
Fighting       | |  0.1
Short Blades   | |  0.2

Action                   |  1- 3 |  4- 6 || total
-------------------------+-------+-------++-------
Melee: Short sword       |    20 |       ||    20
       Dagger            |    10 |    12 ||    22
 Cast: Magic Dart        |    34 |    17 ||    51
       Searing Ray       |     2 |       ||     2
Invok: Curse Item        |     1 |       ||     1
 Stab: Sleeping          |     9 |     3 ||    12
       Distracted        |     1 |       ||     1
Armor: Robe              |     4 |     1 ||     5
Dodge: Dodged            |    25 |     8 ||    33
